Map: Orbital Shipyard

Players

iaguz

  • Race: Terran Terran

Azure - Winner!

  • Race: Terran Terran
  • League: Platinum

VOD

Have the link to the VOD?

Description

Time

  • Played on: Dec. 2, 2015, 4:35 a.m.
  • Length: 3:22
Show
View Real Time Build Order
Export as new Build Order

iaguz Terran 

Build Orders:  

Get SALT Encoding   

  12  0:01  SCV  
  13  0:13  SCV  
  14  0:18  Supply Depot  
  14  0:25  SCV  
  15  0:40  SCV, Barracks  
  16  0:45  Refinery  
  16  0:52  SCV  
  17  1:04  SCV  
  18  1:16  SCV  
  19  1:29  Reaper  
  19  1:32  Orbital Command  
  20  1:39  Barracks  
  20  1:42  Barracks  
  20  1:43  Refinery  
  20  1:52  Supply Depot  
  20  1:59  SCV  
  21  2:01  Reaper  
  22  2:11  SCV  
  23  2:22  Supply Depot  
  23  2:23  SCV  
  23  2:27  Reaper  
  25  2:30  Reaper  
  25  2:34  Reaper  
  25  2:35  SCV  
  27  2:47  SCV  
Show
View Real Time Build Order
Export as new Build Order

Azure Terran - Winner!

Build Orders:  

Get SALT Encoding   

  12  0:01  SCV  
  13  0:13  SCV  
  14  0:18  Supply Depot  
  14  0:25  SCV  
  15  0:40  Barracks  
  15  0:43  Refinery  
  15  0:56  Barracks  
  15  1:00  SCV  
  16  1:12  SCV  
  17  1:28  Reaper, Barracks  
  18  1:32  Refinery  
  18  1:34  SCV  
  20  1:47  Reaper  
  20  1:52  Orbital Command  
  20  2:00  Reaper  
  21  2:08  Supply Depot  
  20  2:16  Reaper  
  21  2:23  Reaper  
  21  2:24  SCV  
  23  2:33  Reaper  
  24  2:41  SCV  
  25  2:48  Reaper  
  25  2:53  SCV  
Tags
 
Add a new tag
Caveats
  • Supply blocks, unpowered buildings, or Contaminate may cause inaccurate times.
  • Supply counts are checked every 10 seconds.